 Seeded DCSS version 0.27.1-34-g3ba077fa99 (webtiles) character file.

Game seed: 12092574107127483836 (custom seed)

555 hikkokomori the Fighter (level 7, -2/80 HPs)
             Began as an Ogre Fighter on Feb 4, 2022.
             Slain by Natasha (6 damage)
             ... while paralysed by Grinder
             ... on level 4 of the Dungeon.
             The game lasted 00:07:40 (4752 turns).

hikkokomori the Fighter (Ogre Fighter)              Turns: 4752, Time: 00:07:40

Health: -2/80      AC:  3    Str: 21    XL:     7   Next: 30%
Magic:  7/7        EV:  1    Int:  9    God:
Gold:   60         SH:  0    Dex: 10    Spells: 6/6 levels left

rFire    . . .     SeeInvis .   a - +0 flail
rCold    . . .     Faith    .   c - +1 kite shield
rNeg     . . .     Spirit   .   b - +0 robe
rPois    .         Reflect  .   (helmet restricted)
rElec    .         Harm     .   (no cloak)
rCorr    .         Rampage  .   (gloves unavailable)
Will     .....                  (boots unavailable)
Stlth    +.........             (no amulet)
HPRegen  0.23/turn              (no ring)
MPRegen  0.10/turn              (no ring)

@: paralysed
A: large, unfitting armour, tough skin 1
a: no special abilities


You were on level 4 of the Dungeon.
You visited 1 branch of the dungeon, and saw 5 of its levels.

You collected 130 gold pieces.
You spent 70 gold pieces at shops.

Inventory:

Hand Weapons
 a - a +0 flail (weapon)
 l - a +0 giant spiked club
Armour
 b - a +0 robe (worn)
 c - a +1 kite shield (worn)
Jewellery
 o - an amulet of faith
Wands
 f - a wand of digging (2)
Scrolls
 e - a scroll of fear {unknown}
 i - a scroll of identify
 j - a scroll of enchant weapon {unknown}
 m - 2 scrolls of teleportation
 n - a scroll of torment {unknown}
Potions
 g - a potion of degeneration
 h - 2 potions of heal wounds {unknown}


   Skills:
 + Level 8.0 Fighting
 + Level 5.1 Maces & Flails
 - Level 2.6 Dodging
 - Level 2.6 Shields


You had 6 spell levels left.
You didn't know any spells.
Your spell library was empty.

Dungeon Overview and Level Annotations

Branches:
Dungeon (5/15)
 Temple: D:4-7

Altars:

Shops:
D:3 ?

Annotations:
D:4 Grinder, Natasha, Sigmund


Innate Abilities, Weirdness & Mutations

You are too large for most types of armour.
You have tough skin. (AC +1)


Message History

Natasha casts a spell at you. The magic dart hits you.
Unknown command.
Grinder blinks!
You closely miss Natasha.
Natasha stares at you and mumbles some strange words.
You easily resist.
You hit Natasha but do no damage. Natasha claws you!
Grinder blinks!
Natasha claws you.
You barely miss Natasha. You block Natasha's attack.
Grinder blinks!
You barely miss Natasha.
The crimson imp blinks!
Natasha claws you.
You closely miss Natasha.
Natasha stares at you and mumbles some strange words.
The magic dart hits you.
* * * LOW HITPOINT WARNING * * *
The crimson imp blinks!
Natasha extends her claws.
Natasha claws you.
* * * LOW HITPOINT WARNING * * *
You hit Natasha.
Natasha is lightly wounded.
Natasha claws you.
* * * LOW HITPOINT WARNING * * *
You miss Natasha.
Natasha is lightly wounded.
The crimson imp disappears in a puff of smoke!
Natasha claws you!
* * * LOW HITPOINT WARNING * * *
Grinder says, "DUCK!"
Grinder blinks!
Natasha howls an incantation.
Natasha glows brightly for a moment.
Natasha claws you.
* * * LOW HITPOINT WARNING * * *
Grinder blinks!
Grinder gestures at you.
You suddenly lose the ability to move!
Grinder blinks!
Natasha claws you but does no damage. Natasha claws you.
You die...

......................
..........####...#####
#########............. ##
##..####...###
.##########5######..#####
.........................
############...####ยง#####
###.h.# .. ###@# ## #.#
#.# #.# #######.#
#.......# #..........#
#......###.# #......# #


You could see Grinder and Natasha.

Vanquished Creatures
  A black bear (D:5)
  An ogre (D:4)
  An ice beast (D:5)
  A water moccasin skeleton (D:5)
  A bullfrog skeleton (D:5)
  An orc wizard (D:5)
  Ijyb (D:3)
  An iguana (D:3)
  4 adders
  A shadow imp (D:5)
  A worm (D:2)
  3 dart slugs
  6 orcs
  3 ball pythons
  4 endoplasms
  10 giant cockroaches
  4 goblins
  9 hobgoblins
  6 jackals
  5 quokkas
  9 bats
  2 frilled lizards (D:2)
  9 kobolds
  7 rats
91 creatures vanquished.

Notes
Turn   | Place    | Note
-------+----------+-------------------------------------------
     0 | D:1      | hikkokomori the Ogre Fighter began the quest for the Orb.
     0 | D:1      | Reached XP level 1. HP: 24/24 MP: 1/1
   380 | D:1      | Reached XP level 2. HP: 29/33 MP: 2/2
   929 | D:1      | Reached XP level 3. HP: 36/40 MP: 3/3
  1338 | D:2      | Reached skill level 5 in Fighting
  1722 | D:2      | Reached XP level 4. HP: 50/50 MP: 4/4
  2268 | D:3      | Found Haggouf's Magic Scroll Boutique.
  2273 | D:3      | Bought a scroll of identify for 28 gold pieces
  2273 | D:3      | Bought a scroll of teleportation for 42 gold pieces
  2290 | D:3      | Noticed Ijyb
  2302 | D:3      | Killed Ijyb
  2771 | D:3      | Found a faded altar of an unknown god.
  2808 | D:3      | Reached XP level 5. HP: 57/59 MP: 5/5
  3211 | D:4      | Reached skill level 6 in Fighting
  3229 | D:4      | Noticed an ogre
  3243 | D:4      | Killed an ogre
  3247 | D:4      | Reached XP level 6. HP: 57/68 MP: 6/6
  3315 | D:4      | Noticed Grinder
  3327 | D:5      | Entered Level 5 of the Dungeon
  3430 | D:5      | Noticed an ice beast
  3436 | D:5      | Killed an ice beast
  3437 | D:5      | Reached skill level 7 in Fighting
  3447 | D:5      | Noticed a black bear
  3672 | D:5      | Killed a black bear
  3673 | D:5      | Reached XP level 7. HP: 21/79 MP: 7/7
  4039 | D:5      | Reached skill level 5 in Maces & Flails
  4151 | D:5      | Reached skill level 8 in Fighting
  4163 | D:4      | Noticed Sigmund
  4167 | D:4      | HP: 2/80 [Sigmund (4)]
  4728 | D:4      | Noticed Natasha
  4731 | D:4      | Paralysed by Grinder for 6 turns
  4746 | D:4      | HP: 3/80 [Natasha (4)]
  4750 | D:4      | Paralysed by Grinder for 6 turns
  4752 | D:4      | Slain by Natasha

Illustrated notes

Levels and vault maps discovered:
D:1:      dpeg_arrival_simpleton_b, layout_rooms, serial_corexii_hall,
          corexii_hall_statues_deadend, chequers_hall_statues_corner_a,
          minmay_misc_feat_pillars, minivault_11, minmay_misc_feat_four_crosses
D:2:      layout_rooms, minmay_misc_feat_alley, guppyfry_early_orc_mine
D:3:      layout_loops_corners, serial_shops, shop_fountains,
          hellmonk_ecumenical_altar_run_dry, hangedman_decor_growths, uniq_ijyb
D:4:      layout_rooms, uniq_grinder, uniq_sigmund, uniq_natasha
D:5:      layout_cave_pools, lemuel_temple_firewalk_a,
          chequers_serial_rivers_marsh

Skill      XL: |  1  2  3  4  5  6  7 |
---------------+----------------------+-----
Maces & Flails | 2 3 4 5 |  5.1
Fighting       | 5 6 7 8 |  8.0
Dodging        | |  2.6
Shields        | |  2.6

Action                   |  1- 3 |  4- 6 |  7- 9 || total
-------------------------+-------+-------+-------++-------
Melee: Flail             |   150 |   139 |    60 ||   349
  Use: Scroll            |       |     5 |       ||     5
       Potion            |       |     2 |     1 ||     3
 Stab: Sleeping          |     1 |       |       ||     1
Armor: Robe              |    51 |    55 |    17 ||   123
Dodge: Dodged            |    48 |    60 |    24 ||   132
Block: Kite shield       |    86 |    84 |    36 ||   206
